 Dungeon Crawl Stone Soup version 0.28-a0-410-gbef64dd269 (webtiles) character file.

Game seed: 17031341304697304446

27 ytrimaz the Insei (level 3, -2/23 HPs)
             Began as an Octopode Transmuter on Sept 6, 2021.
             Slain by a gnoll (3 damage)
             ... on level 2 of the Dungeon.
             The game lasted 00:01:32 (1072 turns).

ytrimaz the Insei (Octopode Transmuter)             Turns: 1072, Time: 00:01:32

Health: -2/23      AC:  1    Str: 10    XL:     3   Next: 10%
Magic:  4/6        EV: 13    Int: 15    God:
Gold:   53         SH:  0    Dex: 12    Spells: 3/6 levels left

rFire   . . .      SeeInvis .   c - +0 dire flail
rCold   . . .      Faith    .   (shield currently unavailable)
rNeg    . . .      Spirit   .   (helmet restricted)
rPois   .          Reflect  .   (no amulet)
rElec   .          Harm     .   (no ring)
rCorr   .          Rampage  .   (no ring)
Will    .....                   (no ring)
Stlth   ++........              (no ring)
HPRegen 0.07/turn               (no ring)
MPRegen 0.10/turn               (no ring)
                                (no ring)
                                (no ring)

@: wereblooded
A: almost no armour, amphibious, 8 rings, camouflage 1, gelatinous body 1,
(nimble swimmer 1), tentacles
a: no special abilities


You were on level 2 of the Dungeon.
You visited 1 branch of the dungeon, and saw 2 of its levels.

You collected 53 gold pieces.

Inventory:

Hand Weapons
 c - a +0 dire flail (weapon)
Scrolls
 a - a scroll of noise {unknown}
 b - 2 scrolls of identify {unknown}
Potions
 d - a potion of resistance {unknown}


   Skills:
 * Level 1.5 Fighting
 * Level 1.1 Maces & Flails
 - Level 2.0 Dodging
 - Level 3.3 Unarmed Combat
 + Level 2.1 Spellcasting
 + Level 2.2 Transmutations


You had 3 spell levels left.
You knew the following spells:

 Your Spells              Type           Power      Damage    Failure   Level
a - Beastly Appendage     Tmut           16%        N/A       9%          1
b - Wereblood             Tmut           8%         N/A       13%         2

Your spell library contained the following spells:

 Spells                   Type           Power      Damage    Failure   Level
 Spider Form              Tmut/Pois      2%         N/A       38%         3
 Ice Form                 Ice/Tmut       4%         N/A       80%         4


Dungeon Overview and Level Annotations

Branches:
Dungeon (2/15)

Altars:


Innate Abilities, Weirdness & Mutations

You cannot wear most types of armour.
You are amphibious.
You can wear up to eight rings at the same time.
Your skin changes colour to match your surroundings (Stealth+).
Your rubbery body absorbs attacks. (AC +1, EV +1)
((You are camouflaged near water. (Stealth+)))
You have tentacles for arms and can constrict up to eight enemies at once.


Message History

Your experience leads to an increase in your attributes!
Increase (S)trength, (I)ntelligence, or (D)exterity?
You feel stronger.
Things that are here:
a +0 dagger; an adder corpse; a kobold corpse You start resting.
You howl as the wereblood boils in your veins!
You start resting.
You howl as the wereblood boils in your veins!
Your primal bloodlust is almost over.
You start resting.
Your primal bloodlust has ended.
You start resting.
Magic restored.
You start resting.
HP restored.
A gnoll comes into view. It is wielding a +0 flail.
A gnoll is nearby!
A gnoll comes into view. It is wielding a +0 club.
Casting: Wereblood (safe; 13% risk of failure)
Confirm with . or Enter, or press ? or * to list all spells.
Your blood is infused with primal strength. 2 gnolls come into view.
Found 19 arrows.
The gnoll hits you with a +0 flail.
You sock the gnoll! Your grab misses the gnoll. Your squeeze misses the gnoll.
The gnoll is severely wounded.
The gnoll shouts! x2
The gnoll hits you with a +0 flail!
You closely miss the gnoll.
The gnoll shouts!
You grab the gnoll.
The gnoll is severely wounded.
You constrict the gnoll. The gnoll barely misses you. The gnoll misses you.
You release your grip on the gnoll.
You barely miss the gnoll. Your grab misses the gnoll.
The gnoll is severely wounded.
The gnoll hits you with a +0 flail!
* * * LOW HITPOINT WARNING * * *
The gnoll hits you from afar with a +0 spear.
You die...

##... ...... #.....
##..... # ......###
.. ......
#..####..##########
#.........@gg......
#........###gg.....
..#.....# .......
#.##.## .g..... #
#.# .(..... #.#
....... #.# #######
#######.#######
...............


You could see 4 gnolls.

Vanquished Creatures
  An adder (D:2)
  A dart slug (D:1)
  3 bats (D:1)
  3 endoplasms (D:1)
  A giant cockroach (D:1)
  A hobgoblin (D:1)
  2 kobolds
  3 ball pythons (D:1)
15 creatures vanquished.

Vanquished Creatures (others)
  A plant (D:1)
1 creature vanquished.

Grand Total: 16 creatures vanquished

Notes
Turn   | Place    | Note
-------+----------+-------------------------------------------
     0 | D:1      | ytrimaz the Octopode Transmuter began the quest for the
                  | Orb.
     0 | D:1      | Reached XP level 1. HP: 13/13 MP: 3/3
   471 | D:1      | Reached XP level 2. HP: 18/18 MP: 5/5
   501 | D:1      | Learned a level 2 spell: Wereblood
   970 | D:2      | Reached skill level 1 in Maces & Flails
   970 | D:2      | Reached XP level 3. HP: 17/23 MP: 3/6
  1072 | D:2      | HP: 1/23 [gnoll (10)]
  1072 | D:2      | Slain by a gnoll

Illustrated notes

Levels and vault maps discovered:
D:1:      dpeg_arrival_rooms_with_view, layout_loops_ring, serial_forest,
          infiniplex_forest_lined_3_way, infiniplex_forest_clump_C,
          infiniplex_forest_lined_corner, infiniplex_forest_straight_1,
          infiniplex_forest_end_2, infiniplex_forest_lined_room_
D:2:      layout_basic, uniq_terence

Skill      XL: |  1  2 |
---------------+-------+-----
Maces & Flails | 1 |  1.1
Fighting       | |  1.5
Dodging        | |  2.0
Unarmed Combat | |  3.3
Spellcasting   | |  2.1
Transmutations | |  2.2

Action                   || total
-------------------------++-------
Melee: Unarmed           ||     9
       Dire flail        ||    31
       Constrict         ||     8
       Tentacles         ||     3
       Punch             ||     1
 Cast: Wereblood         ||     2
 Stab: Sleeping          ||     4
Armor: Skin              ||    14
Dodge: Dodged            ||    30

Table legend: (Time is in decaauts)
 A = Elapsed time spent in this place.
 B = Non-inter-level travel time spent in this place.
 C = Inter-level travel time spent in this place.
 D = Time resting spent in this place.
 E = Time spent auto-exploring this place.
 F = Levels seen in this place.
 G = Mean time per level.
                   A        B        C        D        E       F      G
               +--------+--------+--------+--------+--------+-----+--------+
         Total |   1079 |   1061 |     18 |     81 |    773 |   2 |  539.5 |
       Dungeon |   1079 |   1061 |     18 |     81 |    773 |   2 |  539.5 |
               +--------+--------+--------+--------+--------+-----+--------+

Top non-repeatable levels by time:
     D:1: 966 daAuts
     D:2: 112 daAuts
